 Dungeon Crawl Stone Soup version 0.25.1-2-g60ff931df9 (webtiles) character file.

Game seed: 17958249216972077789

14542 Araneus the Basher (level 11, 0/84 HPs)
             Began as a Mummy Fighter on Nov 13, 2020.
             Was a Believer of Qazlal.
             Slain by an eight-headed hydra (3 damage)
             ... on level 3 of the Lair of Beasts.
             The game lasted 00:43:41 (14478 turns).

Araneus the Basher (Mummy Fighter)                 Turns: 14478, Time: 00:43:42

Health: 0/84       AC: 20    Str: 22    XL:     11   Next: 90%
Magic:  0/14       EV:  4    Int:  8    God:    Qazlal [**....]
Gold:   687        SH: 15    Dex: 18    Spells: 10/10 levels left

rFire    . . .     SeeInvis .   a - +0 morningstar
rCold    + + +     Gourm    .   c - +0 kite shield
rNeg     + + +     Faith    .   h - +0 plate armour
rPois    ∞         Spirit   +   q - +2 helmet
rElec    .         Reflect  .   y - scarf {rC+ rF+}
rCorr    .         Harm     .   o - +2 pair of gloves {archery}
MR       +....                  t - +2 pair of boots
Stlth    ..........             w - amulet of guardian spirit
HPRegen  0.24/turn              B - ring of protection from cold
MPRegen  0.14/turn              A - +6 ring of dexterity

@: studying Charms
A: no food or potions, fire vulnerability, cold resistance 1, negative energy
resistance 3, torment resistance, unbreathing
a: Upheaval, Renounce Religion


You were on level 3 of the Lair of Beasts.
You worshipped Qazlal.
Qazlal was pleased with you.
You were not hungry.

You visited 3 branches of the dungeon, and saw 13 of its levels.
You also visited: Sewer.

You collected 889 gold pieces.
You spent 202 gold pieces at shops.

Inventory:

Hand Weapons
 a - a +0 morningstar (weapon)
Armour
 c - a +0 kite shield (worn)
 h - a +0 plate armour (worn)
 o - a +2 pair of gloves of archery (worn)
 q - a +2 helmet (worn)
 t - a +2 pair of boots (worn)
 y - a scarf of resistance (worn)
Jewellery
 j - an uncursed ring of ice
 l - a +6 ring of strength
 r - an uncursed ring of flight
 w - an amulet of guardian spirit (around neck)
 A - a +6 ring of dexterity (right hand)
 B - a ring of protection from cold (left hand)
 C - a +6 ring of dexterity
Wands
 d - a wand of flame (13)
 e - a wand of enslavement (21)
 k - a wand of disintegration (15)
 n - a wand of acid (1)
 s - a wand of random effects (12)
 u - a wand of polymorph (27)
 v - a wand of digging (1)
Scrolls
 b - a scroll of blinking
 f - 3 scrolls of magic mapping
 g - 9 scrolls of teleportation
 i - 5 scrolls of remove curse
 m - 2 scrolls of amnesia
 p - 3 scrolls of noise
 z - a scroll of enchant armour
 D - a scroll of identify
Books
 x - a manual of Charms


   Skills:
 + Level 7.4 Fighting
 + Level 12.3 Maces & Flails
 - Level 2.4 Armour
 + Level 7.3 Shields
 * Level 2.7 Invocations
 - Level 5.0 Evocations


You had 10 spell levels left.
You didn't know any spells.
Your spell library contained the following spells:

 Spells                   Type           Power        Failure   Level  Hunger
 Corona                   Hex            #......      100%        1    N/A
 Magic Dart               Conj           #...         100%        1    N/A
 Shock                    Conj/Air       #...         100%        1    N/A
 Blink                    Tloc           N/A          100%        2    N/A
 Call Imp                 Summ           #.......     100%        2    N/A
 Ensorcelled Hibernation  Hex/Ice        #.....       100%        2    N/A
 Slow                     Hex            #.......     100%        2    N/A
 Swiftness                Chrm/Air       #.......     100%        2    N/A
 Confusing Touch          Hex            #.......     100%        3    N/A
 Conjure Flame            Conj/Fire      #.......     100%        3    N/A
 Dazzling Flash           Conj/Hex       #.....       100%        3    N/A
 Mephitic Cloud           Conj/Pois/Air  #.......     100%        3    N/A
 Static Discharge         Conj/Air       #.......     100%        3    N/A
 Tukima's Dance           Hex            #.......     100%        3    N/A
 Airstrike                Air            #.........   100%        4    N/A
 Lightning Bolt           Conj/Air       #.........   100%        5    N/A

Dungeon Overview and Level Annotations

Branches:
Dungeon (9/15)             Temple (1/1) D:5            Lair (3/6) D:9
  Swamp (0/4) Lair:2       Spider (0/4) Lair:2          Orc (0/2) D:9
  Sewer (visited)

Altars:
Ashenzari
Cheibriados
Dithmenos
Elyvilon
Fedhas
Gozag
Hepliaklqana
Kikubaaqudgha
Makhleb
Nemelex Xobeh
Okawaru
Qazlal
Ru
Sif Muna
Trog
Uskayaw
Vehumet
Wu Jian
Xom
Yredelemnul
Zin
The Shining One

Shops:
D:5 [   D:8 :

Annotations:
Lair:2 exclusions: downstairs and 2 more exclusions


Innate Abilities, Weirdness & Mutations

You do not eat or drink.
Your flesh is vulnerable to fire.
You are immune to poison.
Your flesh is cold resistant. (rC+)
You are immune to negative energy. (rN+++)
You are immune to unholy pain and torment.
You can survive without breathing.


Message History

* * * LOW HITPOINT WARNING * * *
The eight-headed hydra bites you but does no damage.
The eight-headed hydra bites you.
* * * LOW HITPOINT WARNING * * *
The eight-headed hydra bites you but does no damage.
You hit the eight-headed hydra.
The eight-headed hydra is almost dead.
The eight-headed hydra bites you but does no damage.
You block the eight-headed hydra's attack.
The eight-headed hydra bites you but does no damage.
You block the eight-headed hydra's attack. x2
The eight-headed hydra bites you.
* * * LOW HITPOINT WARNING * * *
The eight-headed hydra bites you!
* * * LOW HITPOINT WARNING * * *
You block the eight-headed hydra's attack.
You puncture the eight-headed hydra!
The eight-headed hydra is almost dead.
The eight-headed hydra bites you.
You die...

#. ###.###.#### .##+
##+.#..##.## .. #...
+...+......# . .%%.
#...##..)..# .
..##....#.....#.#
#.#'''#.#..###.##
.###.##.....######...#
.......†.......D....#
....#..#.#.##P@.....#
.. #..########..P..##
.... #.#..## .....
#...##.# ..... #..#.
... .... #........#
.... ..#. ....P# ..# .
..## ..


You could see an eight-headed hydra (corroded).

Vanquished Creatures
  A hydra (Lair:2)
  The ghost of haesbaert the Covert, a novice OpAs of Dithmenos (D:7)
  4 elephants (Lair:3)
  A black mamba (Lair:3)
  3 spiny frogs
  3 komodo dragons
  A rime drake (Lair:3)
  A blink frog (Lair:2)
  2 hippogriffs (Lair:1)
  11 yaks
  2 wyverns (D:8)
  A human (D:9)
  3 hogs (D:9)
  A hungry ghost (D:7)
  A golden eye (D:7)
  2 basilisks (Lair:3)
  Menkaure (D:4)
  3 water moccasins
  7 porcupines
  6 orc warriors
  An ice beast (D:5)
  3 sky beasts
  A black bear (D:9)
  A phantom (D:5)
  3 ogres
  9 wolves
  5 centaurs
  2 crocodiles (Lair:3)
  4 bullfrogs
  2 wyvern skeletons
  3 scorpions
  2 electric eels (D:9)
  3 howler monkeys
  A crimson imp (D:9)
  A jelly (D:9)
  A bullfrog zombie (D:8)
  3 hounds
  4 quasits
  Crazy Yiuf (D:7)
  3 orc priests
  A gnoll shaman (D:4)
  10 orc wizards
  2 centaur skeletons
  A bullfrog skeleton (D:4)
  4 iguanas
  8 worker ants
  3 hell rats (Lair:3)
  3 hound skeletons
  Robin (D:4)
  A worker ant zombie (D:6)
  11 gnolls
  19 adders
  A howler monkey skeleton (D:7)
  8 river rats
  A shadow imp (D:8)
  3 oozes
  2 adder skeletons (D:5)
  2 adder zombies
  4 worms
  2 dart slugs (D:2)
  6 leopard geckos
  40 orcs
  5 giant cockroaches
  10 goblins
  6 hobgoblins
  18 jackals
  4 quokkas
  2 ball pythons
  9 bats
  3 frilled lizards
  A jackal zombie (D:9)
  11 kobolds
  A leopard gecko skeleton (D:7)
  A leopard gecko zombie (D:7)
  A quokka skeleton (D:6)
  A quokka zombie (D:9)
  8 rats
  A plant (D:9)
323 creatures vanquished.

Vanquished Creatures (others)
  8 fungi
  7 plants
15 creatures vanquished.

Grand Total: 338 creatures vanquished

Notes
Turn   | Place    | Note
-------+----------+-------------------------------------------
     0 | D:1      | Araneus the Mummy Fighter began the quest for the Orb.
     0 | D:1      | Reached XP level 1. HP: 18/18 MP: 1/1
   140 | D:1      | Reached skill level 2 in Maces & Flails
   261 | D:1      | Reached XP level 2. HP: 20/24 MP: 2/2
   809 | D:2      | Reached XP level 3. HP: 29/29 MP: 3/3
   848 | D:2      | Reached skill level 3 in Maces & Flails
  1274 | D:2      | Reached XP level 4. HP: 30/35 MP: 4/4
  2297 | D:3      | Noticed an ogre
  2311 | D:3      | Killed an ogre
  2311 | D:3      | Reached skill level 4 in Maces & Flails
  2311 | D:3      | Reached XP level 5. HP: 41/41 MP: 5/5
  2822 | D:4      | Found a glowing silver altar of Zin.
  2921 | D:4      | Reached skill level 5 in Maces & Flails
  2937 | D:4      | Reached XP level 6. HP: 20/47 MP: 6/6
  3262 | D:4      | Noticed Menkaure
  3267 | D:4      | Killed Menkaure
  3267 | D:4      | Reached skill level 6 in Maces & Flails
  3556 | D:4      | Noticed Robin
  3569 | D:4      | Killed Robin
  3640 | D:4      | Reached XP level 7. HP: 15/52 MP: 7/7
  4061 | D:4      | Found a shimmering altar of Xom.
  4163 | D:5      | Entered Level 5 of the Dungeon
  4177 | D:5      | Found a staircase to the Ecumenical Temple.
  4179 | D:5      | Found Finor's Antique Armour Shoppe.
  4190 | Temple   | Entered the Ecumenical Temple
  4492 | D:5      | Found a glowing drain.
  4520 | Sewer    | Entered a sewer
  4852 | Sewer    | Reached skill level 7 in Maces & Flails
  5147 | D:5      | Bought a pair of glowing gloves for 202 gold pieces
  5412 | D:5      | Reached skill level 8 in Maces & Flails
  5412 | D:5      | Reached XP level 8. HP: 41/58 MP: 8/8
  5510 | D:5      | Found a sacrificial altar of Ru.
  6246 | D:6      | Reached skill level 9 in Maces & Flails
  6489 | D:6      | Found a stormy altar of Qazlal.
  6913 | D:7      | Found a transporter.
  6914 | D:7      | Noticed haesbaert's ghost (novice OpAs)
  6949 | D:7      | Found a transporter.
  6993 | D:7      | Reached XP level 9. HP: 27/65 MP: 9/9
  7212 | D:7      | Reached skill level 1 in Evocations
  7742 | D:7      | Found a runed translucent door.
  7743 | D:7      | Noticed Crazy Yiuf
  7750 | D:7      | Killed Crazy Yiuf
  8049 | D:7      | Killed haesbaert's ghost
  8049 | D:7      | Reached skill level 10 in Maces & Flails
  8275 | D:8      | You fall into a shaft and drop 1 floor!
  8396 | D:9      | Reached skill level 5 in Fighting
  8731 | D:9      | Reached XP level 10. HP: 47/74 MP: 12/12
  8899 | D:9      | Found a staircase to the Lair.
  8926 | D:9      | Reached skill level 5 in Shields
  9130 | D:6      | Became a worshipper of Qazlal Stormbringer
  9543 | D:8      | Found Juvvidol's Book Boutique.
 10739 | D:9      | Found a blossoming altar of Fedhas.
 10749 | D:9      | Reached * piety under Qazlal
 10963 | D:9      | Found a staircase to the Orcish Mines.
 11001 | D:9      | Found a shimmering blue altar of Sif Muna.
 11071 | D:9      | Reached skill level 11 in Maces & Flails
 11557 | Lair:1   | Entered Level 1 of the Lair of Beasts
 12007 | Lair:1   | Reached ** piety under Qazlal
 12065 | Lair:1   | Noticed a spiny frog
 12086 | Lair:1   | Killed a spiny frog
 12086 | Lair:1   | Reached XP level 11. HP: 67/82 MP: 12/14
 12656 | Lair:2   | Found a hole to the Spider Nest.
 12961 | Lair:2   | Noticed a six-headed hydra
 12968 | Lair:2   | Killed a six-headed hydra
 12968 | Lair:2   | Reached skill level 5 in Evocations
 13153 | Lair:2   | Found a staircase to the Swamp.
 13691 | Lair:3   | Reached skill level 1 in Invocations
 13778 | Lair:3   | Reached skill level 12 in Maces & Flails
 14457 | Lair:3   | Noticed an eight-headed hydra
 14477 | Lair:3   | HP: 2/84 [eight-headed hydra (7)]
 14478 | Lair:3   | Slain by an eight-headed hydra

Illustrated notes

Levels and vault maps discovered:
D:1:      elethiomel_arrival_quiet, layout_basic, st_stairs_11,
          serial_bayou_crossing
D:2:      layout_basic
D:3:      kennysheep_big_flooded_room, layout_basic
D:4:      layout_loops_ring, lemuel_doored_altar, kennysheep_little_box,
          kennysheep_generic_room_16, uniq_robin, uniq_menkaure
D:5:      layout_basic, minmay_temple_entry_grid, gup_sewer_entry_bowl,
          serial_shops, shop, first_ration, hangedman_ru_absence
D:6:      layout_cave_pools, lemuel_round_altar, minmay_manual_mares
D:7:      layout_rooms, gammafunk_ghost_stat_death, uniq_crazy_yiuf_cottage
D:8:      layout_loops_ring, serial_shops, nicolae_shop_window_shopping,
          minmay_misc_feat_tower
D:9:      layout_roguey, led_sif_book, grunt_lair_entry_orc_guard_hut,
          hiddenorc1_lemuel, basic_altar, serial_bayou, serial_bayou_shore_a,
          serial_bayou_lagoon_a, serial_bayou_pond_d, serial_bayou_pond_d,
          grunt_livestock
Temple:   dpeg_five_rooms_temple
Lair:1:   layout_roguey
Lair:2:   layout_hall_layers, minmay_swamp_entry_eels,
          spider_nest_entry_web_field, beast_lair_carwin_9
Lair:3:   layout_cave_pods, kennysheep_abandoned_house, serial_bayou_shore_b,
          infiniplex_staircase_pool, serial_bayou_shore_b

Skill      XL: |  1  2  3  4  5  6  7  8  9 10 11 |
---------------+----------------------------------+-----
Maces & Flails | 2 3 4 5 6 8 9 10 11 12 | 12.3
Shields        | 3 4 6 7 |  7.3
Fighting       | 5 6 7 |  7.4
Evocations     | 2 4 5 |  5.0
Invocations    | 2 |  2.7
Armour         | |  2.4

Action                   |  1- 3 |  4- 6 |  7- 9 | 10-12 || total
-------------------------+-------+-------+-------+-------++-------
Melee: Flail             |    96 |       |       |       ||    96
       Morningstar       |    34 |   197 |   611 |   600 ||  1442
 Abil: Evoke Flight      |       |       |     2 |       ||     2
Evoke: Wand              |       |     6 |     2 |     5 ||    13
  Use: Scroll            |       |       |    20 |     3 ||    23
Armor: Scale mail        |    29 |       |       |       ||    29
       Chain mail        |    70 |   108 |   347 |    42 ||   567
       Plate armour      |       |       |       |   256 ||   256
Dodge: Dodged            |    48 |    44 |   125 |    73 ||   290
Block: Kite shield       |    81 |   117 |   255 |   384 ||   837
